 Dungeon Crawl Stone Soup version 0.24-a0-275-g6f7e2cb (webtiles) character file.

Game seed: 5219935625151028978

247790 Gorice the Thaumaturge (level 19, -6/148 HPs)
             Began as a Gnoll Wizard on Apr 24, 2019.
             Was the Champion of Kikubaaqudgha.
             Mangled by a storm dragon (27 damage)
             ... on level 2 of the Vaults on Apr 27, 2019.
             The game lasted 05:37:09 (48981 turns).

Gorice the Thaumaturge (Gnoll Wizard)              Turns: 48981, Time: 05:37:11

Health: -6/148     AC: 22    Str: 10    XL:     19   Next: 55%
Magic:  14/37      EV: 21    Int: 27    God:    Kikubaaqudgha [******]
Gold:   835        SH: 22    Dex: 15    Spells: 9/46 levels left

rFire    + . .     SeeInvis .   a - +2 demon whip (elec)
rCold    . . .     Gourm    .   U - +2 shield of Patience {rPois rF+}
rNeg     . . .     Faith    .   Y - +0 steam dragon scales
rPois    +         Spirit   .   D - +2 hat {MR+}
rElec    .         Reflect  +   A - +2 cloak
rCorr    .         Harm     .   b - +0 pair of gloves
MR       +++..                  T - +2 pair of boots {run}
Stlth    +++++.....             n - brooch of Shielding {Reflect SH+8}
HPRegen  1.34/turn              p - +4 ring of protection
MPRegen  0.25/turn              m - ring of protection from magic

@: regenerating, quick
A: distributed training, fangs 1, strong nose
}: 2/15 runes: barnacled, gossamer
a: Receive Corpses, Torment, Brand Weapon With Pain, Receive Necronomicon,
Renounce Religion


You were on level 2 of the Vaults.
You worshipped Kikubaaqudgha.
Kikubaaqudgha was exalted by your worship.
You were very hungry.

You visited 7 branches of the dungeon, and saw 34 of its levels.
You visited 1 bazaar.
You also visited: Bailey and Gauntlet.

You collected 3784 gold pieces.
You spent 2949 gold pieces at shops.

Inventory:

Hand Weapons
 a - a +2 demon whip of electrocution (weapon)
   (You found it on level 14 of the Dungeon)
Missiles
 I - 16 javelins of returning (quivered)
 Z - 13 throwing nets {!f}
Armour
 b - a +0 pair of gloves (worn)
 A - a +2 cloak (worn)
 D - a +2 hat of magic resistance (worn)
   (You found it in a Gauntlet)
 Q - a +1 pair of boots of flying
   (You bought it in a shop on level 2 of the Shoals)
 T - a +2 pair of boots of running (worn)
   (You bought it in a shop on level 2 of the Shoals)
 U - the +2 shield of Patience (worn) {rPois rF+}
   (You bought it in a shop on level 2 of the Shoals)

   It protects you from fire.
   It protects you from poison.
 Y - +0 steam dragon scales (worn)
Jewellery
 c - the ring "Poboosk" {rC+ Int+2}
   (You found it in a Gauntlet)

   [ring of protection from cold]

   It affects your intelligence (+2).
   It protects you from cold.
 f - the ring of the Equinox {rPois rF+}
   (You found it on level 1 of the Spider Nest)

   [ring of protection from fire]

   It protects you from fire.
   It protects you from poison.
 i - an uncursed ring of see invisible
 m - a ring of protection from magic (right hand)
 n - the brooch of Shielding (around neck) {Reflect SH+8}
   (You bought it in a shop on level 5 of the Dungeon)

   [amulet of reflection]

   It shields you and reflects attacks.
   It affects your SH (+8).
 p - a +4 ring of protection (left hand)
 z - an uncursed ring of magical power
 C - an uncursed ring of resist corrosion
Wands
 k - a wand of clouds (5)
 l - a wand of acid (33)
 r - a wand of scattershot (3)
 v - a wand of paralysis (14)
 x - a wand of digging (18)
 J - a wand of enslavement (8)
 K - a wand of iceblast (26)
Scrolls
 h - a scroll of fog
 s - 4 scrolls of fear {!r}
 u - 14 scrolls of teleportation {!r}
 w - 6 scrolls of identify
 y - 7 scrolls of blinking
 G - a scroll of magic mapping {!r}
 X - 5 scrolls of remove curse
Potions
 g - 5 potions of magic {!q}
 j - 3 potions of resistance {!q}
 o - 6 potions of might {!q}
 q - 13 potions of curing
 L - 4 potions of brilliance {!q}
 M - a potion of haste {!q}
 R - 7 potions of heal wounds {!q}
 S - 4 potions of agility {!q}
Miscellaneous
 H - a sack of spiders
Comestibles
 d - 60 rations
 t - 10 chunks of flesh


   Skills:
 + Level 12.7 Fighting
 + Level 12.7 Short Blades
 + Level 12.7 Long Blades
 + Level 12.7 Axes
 + Level 12.7 Maces & Flails
 + Level 12.7 Polearms
 + Level 12.7 Staves
 + Level 12.7 Slings
 + Level 12.7 Bows
 + Level 12.7 Crossbows
 + Level 12.7 Throwing
 + Level 12.7 Armour
 + Level 13.3 Dodging
 + Level 13.2 Stealth
 + Level 12.7 Shields
 + Level 12.7 Unarmed Combat
 + Level 14.2 Spellcasting
 + Level 11.1 Conjurations
 + Level 10.9 Hexes
 + Level 10.9 Charms
 + Level 11.1 Summonings
 + Level 10.9 Necromancy
 + Level 11.1 Translocations
 + Level 10.9 Transmutations
 + Level 10.9 Fire Magic
 + Level 10.9 Ice Magic
 + Level 10.9 Air Magic
 + Level 10.9 Earth Magic
 + Level 10.9 Poison Magic
 + Level 13.6 Invocations
 + Level 12.7 Evocations


You had 9 spell levels left.
You knew the following spells:

 Your Spells              Type           Power        Failure   Level  Hunger
a - Magic Dart            Conj           ####         1%          1    None
b - Confuse               Hex            ######..     1%          3    None
c - Conjure Flame         Conj/Fire      ######..     1%          3    None
d - Slow                  Hex            ######..     1%          2    None
e - Mephitic Cloud        Conj/Pois/Air  ######..     1%          3    None
i - Call Imp              Summ           ######..     1%          2    None
p - Portal Projectile     Hex/Tloc       ######       1%          3    None
s - Animate Skeleton      Necr           N/A          1%          1    None
u - Dispel Undead         Necr           ######..     1%          5    #......
v - Vampiric Draining     Necr           ######....   1%          3    None
A - Apportation           Tloc           ######       1%          1    None
B - Summon Butterflies    Summ           ######..     1%          1    None
D - Animate Dead          Necr           N/A          1%          4    None
J - Blink                 Tloc           N/A          1%          2    None
R - Regeneration          Chrm/Necr      ######....   1%          3    None

Your spell library contained the following spells:

 Spells                   Type           Power        Failure   Level  Hunger
 Beastly Appendage        Tmut           ######       1%          1    None
 Corona                   Hex            ######.      1%          1    None
 Pain                     Necr           ####         1%          1    None
 Summon Small Mammal      Summ           ####         1%          1    None
 Ensorcelled Hibernation  Hex/Ice        ######       1%          2    None
 Searing Ray              Conj           ######       1%          2    None
 Shroud of Golubria       Chrm/Tloc      ######....   1%          2    None
 Sticks to Snakes         Tmut           ######..     1%          2    None
 Sublimation of Blood     Necr           ######....   1%          2    None
 Call Canine Familiar     Summ           ######..     1%          3    None
 Dazzling Spray           Conj/Hex       ######       1%          3    None
 Gell's Gravitas          Tloc           ######....   1%          3    None
 Ignite Poison            Fire/Tmut/Pois ######..     1%          3    None
 Inner Flame              Hex/Fire       ######..     1%          3    None
 Lesser Beckoning         Tloc           ######....   1%          3    None
 Spider Form              Tmut/Pois      ######....   1%          3    None
 Summon Guardian Golem    Hex/Summ       ######..     1%          3    None
 Teleport Other           Tloc           ######..     1%          3    None
 Tukima's Dance           Hex            ######..     1%          3    None
 Cause Fear               Hex            ######....   1%          4    None
 Force Lance              Conj/Tloc      ######..     1%          4    None
 Fulminant Prism          Conj/Hex       ######....   1%          4    None
 Ice Form                 Ice/Tmut       ######..     1%          4    None
 Iskenderun's Mystic Bla  Conj           ######..     1%          4    None
 Leda's Liquefaction      Hex/Erth       ######....   1%          4    None
 Passage of Golubria      Tloc           N/A          1%          4    None
 Petrify                  Tmut/Erth      ######..     1%          4    None
 Summon Ice Beast         Ice/Summ       ######..     1%          4    None
 Summon Lightning Spire   Summ/Air       ######..     1%          4    None
 Alistair's Intoxication  Tmut/Pois      ######..     1%          5    #......
 Blade Hands              Tmut           ######....   1%          5    #......
 Bolt of Draining         Conj/Necr      ######....   1%          5    #......
 Borgnjor's Vile Clutch   Necr/Erth      ######....   1%          5    #......
 Fireball                 Conj/Fire      ######....   1%          5    #......
 Irradiate                Conj/Tmut      ######....   1%          5    #......
 Silence                  Hex/Air        ######....   1%          5    #......
 Summon Mana Viper        Hex/Summ       ######..     1%          5    #......
 Bolt of Fire             Conj/Fire      ######....   6%          6    ####...
 Darkness                 Hex            ######....   6%          6    ####...
 Death Channel            Necr           ######....   6%          6    ####...
 Dispersal                Tloc           ######....   6%          6    ####...
 Invisibility             Hex            ######..     6%          6    ####...
 Shadow Creatures         Summ           N/A          6%          6    ####...
 Simulacrum               Ice/Necr       ######....   6%          6    ####...
 Summon Hydra             Summ           ######....   32%         7    ######.
 Haunt                    Necr/Summ      ######....   34%         7    ######.
 Ring of Flames           Chrm/Fire      ######....   34%         7    ######.
 Borgnjor's Revivificati  Necr           ######....   95%         8    #######
 Death's Door             Chrm/Necr      ######....   95%         8    #######
 Ignition                 Fire           ######....   95%         8    #######
 Infestation              Necr           ######....   95%         8    #######
 Necromutation            Tmut/Necr      ######....   95%         8    #######


Dungeon Overview and Level Annotations

Branches:
Dungeon (15/15)            Temple (1/1) D:4            Lair (6/6) D:11
 Shoals (4/4) Lair:4       Spider (4/4) Lair:3        Slime (0/5) Lair:6
    Orc (2/2) D:10            Elf (0/3) Orc:2        Vaults (1/5) D:13
 Depths (0/5) D:15

Altars:
Ashenzari
Cheibriados
Dithmenos
Elyvilon
Fedhas
Gozag
Hepliaklqana
Kikubaaqudgha
Makhleb
Nemelex Xobeh
Okawaru
Qazlal
Ru
Sif Muna
Trog
Uskayaw
Vehumet
Wu Jian
Xom
Yredelemnul
Zin
The Shining One
Beogh
Jiyva

Shops:
D:5 %%=%   Orc:2 ((}[   Shoals:2 [   Shoals:4 ([(   Vaults:2 (

Annotations:
Spider:2 1 runed translucent door, Oferehae's ghost, journeyman DgEE


Innate Abilities, Weirdness & Mutations

Your experience applies equally to all skills.
You have very sharp teeth.
Your uncanny sense of smell can sniff out nearby items.


Message History

The ironbrand convoker hits your ugly thing zombie with a +0 dire flail of protection.
Your ugly thing zombie completely misses the white very ugly thing.
Casting: Confuse (safe; 1% risk of failure)
Confirm with . or Enter, or press ? or * to list all spells.
Aiming: Confuse (safe; 1% risk of failure)
Press: ? - help, Shift-Dir - straight line, f/p - cyan very ugly thing
Aim: a cyan very ugly thing (severely wounded, chance to defeat MR: 64%)
Okay, then.
The white very ugly thing no longer looks unusually strong.
Your acid dragon zombie barely misses the red ugly thing.
Your acid dragon zombie misses the red ugly thing.
The cyan very ugly thing kicks your ugly thing zombie!
The cyan very ugly thing shocks your ugly thing zombie!!
The red ugly thing basks in the mutagenic energy from its kin and changes!
The ironbrand convoker barely misses your ugly thing zombie.
Found a ration.
The white very ugly thing tentacle-slaps your vault sentinel zombie.
The white very ugly thing freezes your vault sentinel zombie!
Your vault sentinel zombie resists.
Your ugly thing zombie hits the cyan very ugly thing!
Your acid dragon zombie bites the white ugly thing!
Your acid dragon zombie claws the white ugly thing.
The cyan very ugly thing kicks your ugly thing zombie!!
Your ugly thing zombie is destroyed!
Your vault sentinel zombie hits the white very ugly thing but does no damage.
Unknown command.
The white very ugly thing tentacle-slaps your vault sentinel zombie!
Your vault sentinel zombie is destroyed!
Something kicks your acid dragon zombie.
Something shocks your acid dragon zombie!!
Unknown command.
Press: ? - help, v - describe, . - travel
Here: a storm dragon (moderately wounded, unusually strong, catching its breath)
The floor.
Casting: Confuse (safe; 1% risk of failure)
Confirm with . or Enter, or press ? or * to list all spells.
Aiming: Confuse (safe; 1% risk of failure)
Press: ? - help, Shift-Dir - straight line, f - storm dragon
Aim: a storm dragon (moderately wounded, unusually strong, catching its breath, chance to defeat MR: 16%)
The storm dragon resists with almost no effort.
The storm dragon breathes lightning at you.
The bolt of lightning hits you!!
* * * LOW HITPOINT WARNING * * *
Your acid dragon zombie bites the orc knight.
Your acid dragon zombie barely misses the orc knight.
You block the slime creature's attack.
Something kicks your acid dragon zombie but does no damage.
The storm dragon bites you!!
You die...
Kikubaaqudgha rasps: "You have failed me!
Welcome... death!"

###+#### #### #.%....#
#...... #......#
#..u..o #......#
#u.p∩.. #...!>.#
#..u.. #......# ..p.
#....@.#######p#######
#...JD.##.............
#......##.............
#......##.............
#....u.##.............
####up###..p..........
#...o..#p............
#..Z.p.#.............
#...up.)...##########


You could see a storm dragon, a white very ugly thing, an orc knight, a white
ugly thing, a slime creature, 2 ironbrand convokers and a friendly acid dragon
zombie.

Vanquished Creatures
  Polyphemus (Shoals:4)
  Frances (D:14)
  Kirke (D:14)
  A fire giant (Vaults:2)
  3 ghost moths (Spider:4)
  2 orc warlords
  A vault warden (Vaults:1)
  8 emperor scorpions
  An ironheart preserver (Vaults:1)
  A stone giant (D:12)
  A dire elephant (Lair:6)
  3 spark wasps
  A minotaur (Gauntlet)
  The ghost of PeterLawrence the Fighter, a journeyman MiFi of Okawaru (D:8)
  6 merfolk impalers
  8 merfolk javelineers
  Harold (D:8)
  6 vault guards
  An ice dragon (D:15)
  A catoblepas (Shoals:4)
  9 hydras
  An alligator snapping turtle (Shoals:4)
  5 merfolk avatars
  10 merfolk aquamancers
  3 centaur warriors
  2 satyrs
  4 death knights
  21 two-headed ogres
  7 death scarabs (Spider:4)
  5 ogre magi
  A tengu warrior (D:13)
  Urug (Lair:4)
  An orc high priest (Orc:1)
  6 death yaks
  7 skeletal warriors (D:15)
  A spectral emperor scorpion (Spider:4)
  3 sixfirhies (Gauntlet)
  4 unseen horrors
  A flayed ghost (Vaults:1)
  9 sea snakes
  A lindwurm (Lair:5)
  An orc knight (Bailey)
  An ironbrand convoker (Vaults:1)
  2 spectral wolf spiders (Spider:4)
  3 harpies (Shoals:3)
  28 wolf spiders
  21 orb spiders
  3 deep elf magi (D:13)
  An orc sorcerer (Orc:2)
  9 ugly things
  18 manticores
  5 cyclopes
  16 fauns
  Maurice (Orc:1)
  5 moths of wrath
  Psyche (D:8)
  A centaur zombie (D:15)
  4 elephants (Lair:6)
  14 merfolk sirens
  A guardian serpent (shapeshifter) (D:13)
  3 black mambas
  7 water nymphs
  A torpor snail (Spider:2)
  A gargoyle (D:15)
  9 spiny frogs
  2 spectral redbacks (Spider:4)
  9 rime drakes
  13 demonic crawlers
  3 freezing wraiths
  An efreet (D:14)
  12 komodo dragons
  2 kobold demonologists
  2 redback zombies
  2 polar bears (Lair:5)
  39 jumping spiders
  5 trolls
  3 meliai (Spider:2)
  33 merfolk
  A queen bee (Spider:2)
  A tyrant leech (Gauntlet)
  8 hornets
  A wolf spider simulacrum (D:15)
  7 wind drakes
  A jumping spider zombie (Spider:4)
  13 slime creatures
  5 spectral jumping spiders (Spider:4)
  16 snapping turtles
  9 blink frogs
  6 spectral tarantellas (Spider:4)
  16 dream sheep
  11 hippogriffs
  3 wraiths
  2 shadows
  56 redbacks
  25 tarantellas
  A basilisk (D:15)
  48 yaks
  10 water elementals
  5 wyverns
  3 hogs (D:11)
  A hog (shapeshifter) (D:14)
  A human (D:11)
  2 hungry ghosts
  Menkaure (D:7)
  A steam dragon (D:10)
  Edmund (D:6)
  3 wargs
  A soldier ant (D:14)
  11 water moccasins
  3 acid dragons
  4 swamp worms (Gauntlet)
  3 spectral hornets (Spider:4)
  10 porcupines
  27 orc warriors
  2 sky beasts
  3 phantoms
  2 black bears
  A hornet zombie (Spider:4)
  4 ice beasts
  2 necrophages
  37 ogres
  A centaur (D:5)
  9 wolves
  16 crocodiles
  4 big kobolds
  9 bullfrogs
  Blork the orc (D:6)
  A gnoll sergeant (D:6)
  A wyvern zombie (D:8)
  6 scorpions
  4 wights (D:8)
  27 killer bees
  2 howler monkeys (D:10)
  2 electric eels
  7 crimson imps
  A bullfrog zombie (D:10)
  8 hounds
  3 jellies
  14 orc priests
  29 orc wizards
  4 centaur skeletons
  2 iguanas (D:5)
  9 worker ants
  A hound zombie (D:5)
  2 hound skeletons
  A worker ant zombie (D:10)
  16 adders
  18 gnolls
  A river rat (D:11)
  5 shadow imps
  2 oozes
  An adder skeleton (D:7)
  3 worms
  4 dart slugs (D:1)
  5 leopard geckos
  100 orcs
  3 bats
  6 giant cockroaches
  2 goblins
  12 hobgoblins
  13 jackals
  31 kobolds
  6 quokkas
  6 frilled lizards
  14 rats
  3 plants
1216 creatures vanquished.

Vanquished Creatures (collateral kills)
  A very ugly thing (Vaults:2)
  An ogre (D:4)
  A killer bee (Spider:2)
  An adder skeleton (D:4)
  2 orcs
6 creatures vanquished.

Vanquished Creatures (others)
  A merfolk javelineer (Shoals:3)
  2 fauns
  3 humans (D:14)
  A sky beast (D:14)
  3 centaurs
  An orc wizard (Orc:2)
  An orc (Orc:1)
  A kobold (D:14)
  13 fungi
  17 plants
  2 withered plants (Spider:2)
45 creatures vanquished.

Grand Total: 1267 creatures vanquished

Notes
Turn   | Place    | Note
-------+----------+-------------------------------------------
     0 | D:1      | Gorice the Gnoll Wizard began the quest for the Orb.
     0 | D:1      | Reached XP level 1. HP: 13/13 MP: 8/8
    33 | D:1      | Reached skill level 2 in Conjurations
    33 | D:1      | Reached skill level 2 in Summonings
    33 | D:1      | Reached skill level 2 in Translocations
   158 | D:1      | Reached XP level 2. HP: 18/19 MP: 2/10
   303 | D:1      | Learned a level 2 spell: Blink
   306 | D:1      | Learned a level 2 spell: Call Imp
   644 | D:1      | Reached XP level 3. HP: 25/25 MP: 7/11
   693 | D:1      | Learned a level 2 spell: Slow
   697 | D:1      | Learned a level 3 spell: Conjure Flame
   701 | D:1      | Learned a level 3 spell: Mephitic Cloud
  1031 | D:2      | Reached skill level 1 in Invocations
  1034 | D:2      | Found an ornate altar of the Wu Jian Council.
  1095 | D:2      | Found a sacrificial altar of Ru.
  1183 | D:2      | Found a deep blue altar of Sif Muna.
  1207 | D:2      | Found a hazy altar of Hepliaklqana.
  1456 | D:2      | Reached skill level 1 in Fighting
  1456 | D:2      | Reached skill level 1 in Short Blades
  1456 | D:2      | Reached skill level 1 in Long Blades
  1456 | D:2      | Reached skill level 1 in Axes
  1456 | D:2      | Reached skill level 1 in Maces & Flails
  1456 | D:2      | Reached skill level 1 in Polearms
  1456 | D:2      | Reached skill level 1 in Staves
  1456 | D:2      | Reached skill level 1 in Slings
  1456 | D:2      | Reached skill level 1 in Bows
  1456 | D:2      | Reached skill level 1 in Crossbows
  1456 | D:2      | Reached skill level 1 in Throwing
  1456 | D:2      | Reached skill level 1 in Armour
  1456 | D:2      | Reached skill level 1 in Shields
  1456 | D:2      | Reached skill level 1 in Unarmed Combat
  1456 | D:2      | Reached skill level 1 in Evocations
  1456 | D:2      | Reached XP level 4. HP: 32/32 MP: 7/13
  2084 | D:3      | Reached skill level 1 in Hexes
  2084 | D:3      | Reached skill level 1 in Charms
  2084 | D:3      | Reached skill level 1 in Necromancy
  2084 | D:3      | Reached skill level 1 in Transmutations
  2084 | D:3      | Reached skill level 1 in Fire Magic
  2084 | D:3      | Reached skill level 1 in Ice Magic
  2084 | D:3      | Reached skill level 1 in Air Magic
  2084 | D:3      | Reached skill level 1 in Earth Magic
  2084 | D:3      | Reached skill level 1 in Poison Magic
  2258 | D:3      | Reached XP level 5. HP: 30/37 MP: 12/14
  2260 | D:3      | Found a bloodstained altar of Trog.
  2795 | D:4      | Noticed an ogre
  2795 | D:4      | Noticed a phantom
  3070 | D:4      | Found a staircase to the Ecumenical Temple.
  3083 | D:4      | Noticed a phantom
  3169 | D:4      | Killed a phantom
  3169 | D:4      | Reached skill level 2 in Invocations
  3169 | D:4      | Reached XP level 6. HP: 28/44 MP: 2/16
  3288 | D:3      | Reached skill level 5 in Dodging
  3432 | D:3      | Reached skill level 2 in Fighting
  3432 | D:3      | Reached skill level 2 in Short Blades
  3432 | D:3      | Reached skill level 2 in Long Blades
  3432 | D:3      | Reached skill level 2 in Axes
  3432 | D:3      | Reached skill level 2 in Maces & Flails
  3432 | D:3      | Reached skill level 2 in Polearms
  3432 | D:3      | Reached skill level 2 in Staves
  3432 | D:3      | Reached skill level 2 in Slings
  3432 | D:3      | Reached skill level 2 in Bows
  3432 | D:3      | Reached skill level 2 in Crossbows
  3432 | D:3      | Reached skill level 2 in Throwing
  3432 | D:3      | Reached skill level 2 in Armour
  3432 | D:3      | Reached skill level 2 in Shields
  3432 | D:3      | Reached skill level 2 in Unarmed Combat
  3432 | D:3      | Reached skill level 2 in Evocations
  3494 | Temple   | Entered the Ecumenical Temple
  4132 | D:5      | Entered Level 5 of the Dungeon
  4185 | D:5      | HP: 10/44 [phantom (7)]
  4192 | D:5      | Killed a phantom
  4192 | D:5      | Reached XP level 7. HP: 13/50 MP: 9/18
  4595 | D:4      | Found a bloodstained altar of Trog.
  4662 | D:5      | Found Wuuf's Food Shoppe.
  4662 | D:5      | Found Wuarokhle's Food Shoppe.
  4666 | D:5      | Found Rutuajalo's Jewellery Shoppe.
  4677 | D:5      | Reached skill level 2 in Hexes
  4677 | D:5      | Reached skill level 2 in Charms
  4677 | D:5      | Reached skill level 2 in Necromancy
  4677 | D:5      | Reached skill level 2 in Transmutations
  4677 | D:5      | Reached skill level 2 in Fire Magic
  4677 | D:5      | Reached skill level 2 in Ice Magic
  4677 | D:5      | Reached skill level 2 in Air Magic
  4677 | D:5      | Reached skill level 2 in Earth Magic
  4677 | D:5      | Reached skill level 2 in Poison Magic
  4715 | D:5      | Found Vafaegan's Food Shoppe.
  4843 | D:5      | Reached skill level 3 in Conjurations
  4843 | D:5      | Reached skill level 3 in Summonings
  4843 | D:5      | Reached skill level 3 in Translocations
  4975 | D:5      | Reached skill level 5 in Stealth
  5038 | D:5      | Reached skill level 3 in Invocations
  5081 | D:5      | Reached XP level 8. HP: 53/57 MP: 5/19
  5381 | D:5      | Reached skill level 3 in Fighting
  5381 | D:5      | Reached skill level 3 in Short Blades
  5381 | D:5      | Reached skill level 3 in Long Blades
  5381 | D:5      | Reached skill level 3 in Axes
  5381 | D:5      | Reached skill level 3 in Maces & Flails
  5381 | D:5      | Reached skill level 3 in Polearms
  5381 | D:5      | Reached skill level 3 in Staves
  5381 | D:5      | Reached skill level 3 in Slings
  5381 | D:5      | Reached skill level 3 in Bows
  5381 | D:5      | Reached skill level 3 in Crossbows
  5381 | D:5      | Reached skill level 3 in Throwing
  5381 | D:5      | Reached skill level 3 in Armour
  5381 | D:5      | Reached skill level 3 in Shields
  5381 | D:5      | Reached skill level 3 in Unarmed Combat
  5381 | D:5      | Reached skill level 3 in Evocations
  5587 | D:6      | Noticed Blork the orc
  5782 | D:6      | Found an ancient bone altar of Kikubaaqudgha.
  5789 | D:6      | Became a worshipper of Kikubaaqudgha
  5805 | D:6      | Killed Blork the orc
  5808 | D:6      | Noticed Edmund
  5834 | D:6      | Killed Edmund
  5871 | D:6      | Reached skill level 8 in Spellcasting
  6159 | D:6      | Reached skill level 3 in Hexes
  6159 | D:6      | Reached skill level 3 in Charms
  6159 | D:6      | Reached skill level 3 in Necromancy
  6159 | D:6      | Reached skill level 3 in Transmutations
  6159 | D:6      | Reached skill level 3 in Fire Magic
  6159 | D:6      | Reached skill level 3 in Ice Magic
  6159 | D:6      | Reached skill level 3 in Air Magic
  6159 | D:6      | Reached skill level 3 in Earth Magic
  6159 | D:6      | Reached skill level 3 in Poison Magic
  6159 | D:6      | Reached skill level 4 in Invocations
  6310 | D:6      | Reached skill level 6 in Dodging
  6310 | D:6      | Reached XP level 9. HP: 65/65 MP: 9/21
  6674 | D:7      | Reached * piety under Kikubaaqudgha
  6674 | D:7      | Identified Kikubaaqudgha's Guide on Evil Magic
                  | (Kikubaaqudgha gifted it to you on level 7 of the Dungeon)
  6674 | D:7      | Received a gift from Kikubaaqudgha
  6681 | D:7      | Learned a level 1 spell: Animate Skeleton
  6685 | D:7      | Learned a level 3 spell: Vampiric Draining
  6773 | D:7      | Noticed Menkaure
  6782 | D:7      | HP: 12/65 [??? (9)]
  6785 | D:7      | Killed Menkaure
  6785 | D:7      | Reached skill level 4 in Fighting
  6785 | D:7      | Reached skill level 4 in Short Blades
  6785 | D:7      | Reached skill level 4 in Long Blades
  6785 | D:7      | Reached skill level 4 in Axes
  6785 | D:7      | Reached skill level 4 in Maces & Flails
  6785 | D:7      | Reached skill level 4 in Polearms
  6785 | D:7      | Reached skill level 4 in Staves
  6785 | D:7      | Reached skill level 4 in Slings
  6785 | D:7      | Reached skill level 4 in Bows
  6785 | D:7      | Reached skill level 4 in Crossbows
  6785 | D:7      | Reached skill level 4 in Throwing
  6785 | D:7      | Reached skill level 4 in Armour
  6785 | D:7      | Reached skill level 4 in Shields
  6785 | D:7      | Reached skill level 4 in Unarmed Combat
  6785 | D:7      | Reached skill level 4 in Conjurations
  6785 | D:7      | Reached skill level 4 in Summonings
  6785 | D:7      | Reached skill level 4 in Translocations
  6785 | D:7      | Reached skill level 4 in Evocations
  7200 | D:7      | Found a shadowy altar of Dithmenos.
  7237 | D:8      | Noticed Psyche
  7476 | D:8      | Reached skill level 6 in Stealth
  7786 | D:8      | Killed Psyche
  7786 | D:8      | Reached ** piety under Kikubaaqudgha
  7786 | D:8      | Reached skill level 5 in Invocations
  8059 | D:8      | Found an opulent altar of Gozag.
  8062 | D:8      | Found a radiant altar of Vehumet.
  8122 | D:8      | Reached XP level 10. HP: 73/73 MP: 19/22
  8368 | D:8      | Found a runed translucent gate.
  8369 | D:8      | Found a runed translucent gate.
  8370 | D:8      | Found a runed translucent gate.
  8370 | D:8      | Noticed PeterLawrence's ghost (journeyman MiFi)
  8376 | D:8      | Identified the +0 rapier of the New World {holy, MR+}
  8376 | D:8      | Identified the +3 chain mail of Fortification {Slay+3}
  8382 | D:8      | Noticed Harold
  8403 | D:8      | Killed Harold
  8403 | D:8      | Reached skill level 5 in Fighting
  8403 | D:8      | Reached skill level 5 in Short Blades
  8403 | D:8      | Reached skill level 5 in Long Blades
  8403 | D:8      | Reached skill level 5 in Axes
  8403 | D:8      | Reached skill level 5 in Maces & Flails
  8403 | D:8      | Reached skill level 5 in Polearms
  8403 | D:8      | Reached skill level 5 in Staves
  8403 | D:8      | Reached skill level 5 in Slings
  8403 | D:8      | Reached skill level 5 in Bows
  8403 | D:8      | Reached skill level 5 in Crossbows
  8403 | D:8      | Reached skill level 5 in Throwing
  8403 | D:8      | Reached skill level 5 in Armour
  8403 | D:8      | Reached skill level 5 in Shields
  8403 | D:8      | Reached skill level 5 in Unarmed Combat
  8403 | D:8      | Reached skill level 4 in Hexes
  8403 | D:8      | Reached skill level 4 in Charms
  8403 | D:8      | Reached skill level 4 in Necromancy
  8403 | D:8      | Reached skill level 4 in Transmutations
  8403 | D:8      | Reached skill level 4 in Fire Magic
  8403 | D:8      | Reached skill level 4 in Ice Magic
  8403 | D:8      | Reached skill level 4 in Air Magic
  8403 | D:8      | Reached skill level 4 in Earth Magic
  8403 | D:8      | Reached skill level 4 in Poison Magic
  8403 | D:8      | Reached skill level 5 in Evocations
  8672 | D:8      | Found a roughly hewn altar of Beogh.
  9178 | D:9      | Found a flagged portal.
  9194 | Bailey   | Entered a bailey
  9373 | Bailey   | Noticed an orc knight
  9394 | Bailey   | Reached *** piety under Kikubaaqudgha
  9394 | Bailey   | Identified Kikubaaqudgha's Grimoire of Unholy Rites
                  | (Kikubaaqudgha gifted it to you in a bailey)
  9394 | Bailey   | Received a gift from Kikubaaqudgha
  9480 | Bailey   | Killed an orc knight
  9480 | Bailey   | Reached skill level 7 in Dodging
  9480 | Bailey   | Reached skill level 9 in Spellcasting
  9500 | Bailey   | Reached skill level 6 in Fighting
  9500 | Bailey   | Reached skill level 6 in Short Blades
  9500 | Bailey   | Reached skill level 6 in Long Blades
  9500 | Bailey   | Reached skill level 6 in Axes
  9500 | Bailey   | Reached skill level 6 in Maces & Flails
  9500 | Bailey   | Reached skill level 6 in Polearms
  9500 | Bailey   | Reached skill level 6 in Staves
  9500 | Bailey   | Reached skill level 6 in Slings
  9500 | Bailey   | Reached skill level 6 in Bows
  9500 | Bailey   | Reached skill level 6 in Crossbows
  9500 | Bailey   | Reached skill level 6 in Throwing
  9500 | Bailey   | Reached skill level 6 in Armour
  9500 | Bailey   | Reached skill level 7 in Stealth
  9500 | Bailey   | Reached skill level 6 in Shields
  9500 | Bailey   | Reached skill level 6 in Unarmed Combat
  9500 | Bailey   | Reached skill level 5 in Conjurations
  9500 | Bailey   | Reached skill level 5 in Hexes
  9500 | Bailey   | Reached skill level 5 in Charms
  9500 | Bailey   | Reached skill level 5 in Summonings
  9500 | Bailey   | Reached skill level 5 in Necromancy
  9500 | Bailey   | Reached skill level 5 in Translocations
  9500 | Bailey   | Reached skill level 5 in Transmutations
  9500 | Bailey   | Reached skill level 5 in Fire Magic
  9500 | Bailey   | Reached skill level 5 in Ice Magic
  9500 | Bailey   | Reached skill level 5 in Air Magic
  9500 | Bailey   | Reached skill level 5 in Earth Magic
  9500 | Bailey   | Reached skill level 5 in Poison Magic
  9500 | Bailey   | Reached skill level 6 in Invocations
  9500 | Bailey   | Reached skill level 6 in Evocations
  9500 | Bailey   | Reached XP level 11. HP: 51/81 MP: 5/24
  9660 | D:9      | Reached skill level 7 in Invocations
  9915 | D:9      | Upgraded the game from 0.24-a0-271-ga0fc33f to
                  | 0.24-a0-272-g1411513
  9940 | D:9      | Found a stormy altar of Qazlal.
 10159 | D:10     | Entered Level 10 of the Dungeon
 10198 | D:10     | Found a staircase to the Orcish Mines.
 10303 | D:9      | Reached skill level 8 in Dodging
 10583 | D:10     | Got a twisted robe
 10588 | D:10     | Identified the cursed +1 robe of Restlessness {rPois Dex+4}
                  | (You found it on level 10 of the Dungeon)
 10865 | D:10     | Reached **** piety under Kikubaaqudgha
 10960 | D:10     | Learned a level 3 spell: Portal Projectile
 10975 | D:10     | Learned a level 3 spell: Confuse
 11220 | D:10     | Reached skill level 6 in Conjurations
 11220 | D:10     | Reached skill level 6 in Summonings
 11220 | D:10     | Reached skill level 6 in Translocations
 11341 | D:10     | Reached skill level 8 in Stealth
 11357 | D:10     | Reached XP level 12. HP: 69/89 MP: 18/25
 11837 | D:10     | Reached skill level 10 in Spellcasting
 11999 | D:10     | Reached ***** piety under Kikubaaqudgha
 12063 | D:11     | Noticed a death yak
 12158 | D:11     | Noticed a death yak
 12255 | D:11     | Reached skill level 7 in Fighting
 12255 | D:11     | Reached skill level 7 in Short Blades
 12255 | D:11     | Reached skill level 7 in Long Blades
 12255 | D:11     | Reached skill level 7 in Axes
 12255 | D:11     | Reached skill level 7 in Maces & Flails
 12255 | D:11     | Reached skill level 7 in Polearms
 12255 | D:11     | Reached skill level 7 in Staves
 12255 | D:11     | Reached skill level 7 in Slings
 12255 | D:11     | Reached skill level 7 in Bows
 12255 | D:11     | Reached skill level 7 in Crossbows
 12255 | D:11     | Reached skill level 7 in Throwing
 12255 | D:11     | Reached skill level 7 in Armour
 12255 | D:11     | Reached skill level 7 in Shields
 12255 | D:11     | Reached skill level 7 in Unarmed Combat
 12255 | D:11     | Reached skill level 7 in Evocations
 12588 | D:11     | Found a staircase to the Lair.
 12613 | D:11     | Noticed a death yak
 12624 | D:11     | Killed a death yak
 12625 | D:11     | Killed a death yak
 12625 | D:11     | Reached skill level 6 in Hexes
 12625 | D:11     | Reached skill level 6 in Charms
 12625 | D:11     | Reached skill level 6 in Necromancy
 12625 | D:11     | Reached skill level 6 in Transmutations
 12625 | D:11     | Reached skill level 6 in Fire Magic
 12625 | D:11     | Reached skill level 6 in Ice Magic
 12625 | D:11     | Reached skill level 6 in Air Magic
 12625 | D:11     | Reached skill level 6 in Earth Magic
 12625 | D:11     | Reached skill level 6 in Poison Magic
 12628 | D:11     | Killed a death yak
 12706 | D:11     | Reached skill level 8 in Invocations
 12924 | Lair:1   | Entered Level 1 of the Lair of Beasts
 13715 | Lair:2   | Noticed an eight-headed hydra
 13728 | Lair:2   | HP: 23/91 [eight-headed hydra (9)]
 13729 | Lair:2   | Killed an eight-headed hydra
 14048 | Lair:2   | Found a glowing silver altar of Zin.
 14203 | Lair:2   | Reached skill level 9 in Dodging
 14620 | Lair:2   | Reached XP level 13. HP: 58/98 MP: 27/27
 15080 | Lair:3   | Reached skill level 9 in Stealth
 15287 | Lair:3   | Reached skill level 7 in Conjurations
 15287 | Lair:3   | Reached skill level 7 in Summonings
 15287 | Lair:3   | Reached skill level 7 in Translocations
 15317 | Lair:3   | HP: 22/98 [porcupine (10)]
 15710 | Lair:3   | Reached skill level 8 in Fighting
 15710 | Lair:3   | Reached skill level 8 in Short Blades
 15710 | Lair:3   | Reached skill level 8 in Long Blades
 15710 | Lair:3   | Reached skill level 8 in Axes
 15710 | Lair:3   | Reached skill level 8 in Maces & Flails
 15710 | Lair:3   | Reached skill level 8 in Polearms
 15710 | Lair:3   | Reached skill level 8 in Staves
 15710 | Lair:3   | Reached skill level 8 in Slings
 15710 | Lair:3   | Reached skill level 8 in Bows
 15710 | Lair:3   | Reached skill level 8 in Crossbows
 15710 | Lair:3   | Reached skill level 8 in Throwing
 15710 | Lair:3   | Reached skill level 8 in Armour
 15710 | Lair:3   | Reached skill level 8 in Shields
 15710 | Lair:3   | Reached skill level 8 in Unarmed Combat
 15710 | Lair:3   | Reached skill level 8 in Evocations
 16312 | Lair:3   | Found a hole to the Spider Nest.
 16614 | Lair:4   | Noticed Urug
 16655 | Lair:4   | Killed Urug
 16939 | Lair:4   | Reached skill level 9 in Invocations
 17021 | Lair:4   | HP: 29/98 [komodo dragon (20)]
 17029 | Lair:4   | HP: 11/98 [komodo dragon (24)]
 17536 | Lair:4   | Learned a level 1 spell: Apportation
 17538 | Lair:4   | Learned a level 1 spell: Summon Butterflies
 17634 | Lair:4   | Found a staircase to the Shoals.
 18268 | Lair:5   | Reached skill level 7 in Hexes
 18268 | Lair:5   | Reached skill level 7 in Charms
 18268 | Lair:5   | Reached skill level 7 in Necromancy
 18268 | Lair:5   | Reached skill level 7 in Transmutations
 18268 | Lair:5   | Reached skill level 7 in Fire Magic
 18268 | Lair:5   | Reached skill level 7 in Ice Magic
 18268 | Lair:5   | Reached skill level 7 in Air Magic
 18268 | Lair:5   | Reached skill level 7 in Earth Magic
 18268 | Lair:5   | Reached skill level 7 in Poison Magic
 18387 | Lair:5   | Reached skill level 11 in Spellcasting
 19166 | Lair:6   | Entered Level 6 of the Lair of Beasts
 19559 | Lair:5   | Paralysed by a hornet for 2 turns
 19703 | Lair:6   | Reached XP level 14. HP: 73/106 MP: 29/29
 20034 | Lair:6   | Reached ****** piety under Kikubaaqudgha
 20244 | Lair:6   | Identified the Catalogue of the Warped Volcanoes
 20344 | Lair:6   | Reached skill level 10 in Dodging
 20391 | Lair:6   | Paralysed by a hornet for 2 turns
 20662 | Lair:6   | Noticed a dire elephant
 20985 | Lair:5   | Reached skill level 9 in Fighting
 20985 | Lair:5   | Reached skill level 9 in Short Blades
 20985 | Lair:5   | Reached skill level 9 in Long Blades
 20985 | Lair:5   | Reached skill level 9 in Axes
 20985 | Lair:5   | Reached skill level 9 in Maces & Flails
 20985 | Lair:5   | Reached skill level 9 in Polearms
 20985 | Lair:5   | Reached skill level 9 in Staves
 20985 | Lair:5   | Reached skill level 9 in Slings
 20985 | Lair:5   | Reached skill level 9 in Bows
 20985 | Lair:5   | Reached skill level 9 in Crossbows
 20985 | Lair:5   | Reached skill level 9 in Throwing
 20985 | Lair:5   | Reached skill level 9 in Armour
 20985 | Lair:5   | Reached skill level 9 in Shields
 20985 | Lair:5   | Reached skill level 9 in Unarmed Combat
 20985 | Lair:5   | Reached skill level 9 in Evocations
 21191 | Lair:6   | HP: 29/108 [rime drake/flash freeze (35)]
 21194 | Lair:6   | Killed a dire elephant
 21197 | Lair:6   | HP: 25/108 [manticore (8)]
 21492 | Lair:6   | Reached skill level 10 in Stealth
 21652 | Lair:6   | Found a staircase to the Slime Pits.
 21652 | Lair:6   | Found a viscous altar of Jiyva.
 21775 | Lair:6   | Reached skill level 8 in Conjurations
 21775 | Lair:6   | Reached skill level 8 in Summonings
 21775 | Lair:6   | Reached skill level 8 in Translocations
 22080 | Lair:6   | Learned a level 3 spell: Regeneration
 22085 | Lair:6   | Learned a level 4 spell: Animate Dead
 22149 | Lair:6   | Reached skill level 10 in Invocations
 22393 | Orc:1    | Entered Level 1 of the Orcish Mines
 22848 | Orc:2    | Entered Level 2 of the Orcish Mines
 22853 | Orc:2    | Noticed an orc warlord
 23142 | Orc:1    | Killed an orc warlord
 23288 | Orc:2    | Found Gaeneps's Gadget Shoppe.
 23288 | Orc:2    | Found Weotuad's Weapon Shop.
 23288 | Orc:2    | Found Igruaj's Armour Boutique.
 23288 | Orc:2    | Found Igudis's Weapon Shoppe.
 24081 | Orc:1    | HP: 28/108 [ogre/+0 giant club (8)]
 24086 | Orc:1    | HP: 19/108 [poisoned by an ogre mage (bolt of poison)]
 24091 | Orc:1    | HP: 13/108 [poisoned by an ogre mage (bolt of poison)]
 24096 | Orc:1    | HP: 9/108 [poisoned by an ogre mage (bolt of poison)]
 24101 | Orc:1    | HP: 7/108 [poisoned by an ogre mage (bolt of poison)]
 24107 | Orc:1    | HP: 5/108 [poisoned by an ogre mage (bolt of poison)]
 24113 | Orc:1    | HP: 5/108 [poisoned by an ogre mage (bolt of poison)]
 24121 | Orc:1    | HP: 5/108 [poisoned by an ogre mage (bolt of poison)]
 24848 | Orc:1    | Reached skill level 8 in Hexes
 24848 | Orc:1    | Reached skill level 8 in Charms
 24848 | Orc:1    | Reached skill level 8 in Necromancy
 24848 | Orc:1    | Reached skill level 8 in Transmutations
 24848 | Orc:1    | Reached skill level 8 in Fire Magic
 24848 | Orc:1    | Reached skill level 8 in Ice Magic
 24848 | Orc:1    | Reached skill level 8 in Air Magic
 24848 | Orc:1    | Reached skill level 8 in Earth Magic
 24848 | Orc:1    | Reached skill level 8 in Poison Magic
 25007 | Orc:1    | Reached XP level 15. HP: 96/114 MP: 20/30
 25412 | Orc:1    | Noticed Maurice
 25433 | Orc:1    | Killed Maurice
 25972 | Orc:2    | Found a staircase to the Elven Halls.
 26282 | Orc:2    | Noticed an orc warlord
 26326 | Orc:2    | Killed an orc warlord
 26440 | Orc:2    | Upgraded the game from 0.24-a0-272-g1411513 to
                  | 0.24-a0-274-gb3763e6
 26486 | D:12     | Found a gate leading to a gauntlet.
 26493 | Gauntlet | Entered a Gauntlet
 26493 | Gauntlet | Found a transporter.
 26496 | Gauntlet | Found a transporter.
 26500 | Gauntlet | Found a transporter.
 26502 | Gauntlet | Found a transporter.
 26504 | Gauntlet | Found a transporter.
 26505 | Gauntlet | Found a transporter.
 26513 | Gauntlet | Found a transporter.
 26514 | Gauntlet | Found a transporter.
 26600 | Gauntlet | Noticed a cacodemon
 26602 | Gauntlet | Found a transporter.
 26621 | Gauntlet | Found a transporter.
 26623 | Gauntlet | Found a transporter.
 26624 | Gauntlet | Found a runed translucent door.
 26634 | Gauntlet | Found a transporter.
 26833 | Gauntlet | HP: 33/115 [sixfirhy (3)]
 26853 | Gauntlet | Got a brightly glowing golden ring
 26862 | Gauntlet | Identified the ring "Poboosk" {rC+ Int+2} (You found it in
                  | a Gauntlet)
 27672 | D:12     | Reached skill level 12 in Spellcasting
 27750 | D:12     | Reached skill level 10 in Fighting
 27750 | D:12     | Reached skill level 10 in Short Blades
 27750 | D:12     | Reached skill level 10 in Long Blades
 27750 | D:12     | Reached skill level 10 in Axes
 27750 | D:12     | Reached skill level 10 in Maces & Flails
 27750 | D:12     | Reached skill level 10 in Polearms
 27750 | D:12     | Reached skill level 10 in Staves
 27750 | D:12     | Reached skill level 10 in Slings
 27750 | D:12     | Reached skill level 10 in Bows
 27750 | D:12     | Reached skill level 10 in Crossbows
 27750 | D:12     | Reached skill level 10 in Throwing
 27750 | D:12     | Reached skill level 10 in Armour
 27750 | D:12     | Reached skill level 10 in Shields
 27750 | D:12     | Reached skill level 10 in Unarmed Combat
 27750 | D:12     | Reached skill level 10 in Evocations
 27979 | D:12     | Reached skill level 11 in Dodging
 28604 | D:12     | Identified a scroll of acquirement
 28924 | D:13     | Found a gate to the Vaults.
 28946 | D:13     | Reached skill level 11 in Invocations
 28980 | D:13     | Reached skill level 11 in Stealth
 29304 | D:13     | Reached skill level 9 in Conjurations
 29304 | D:13     | Reached skill level 9 in Summonings
 29304 | D:13     | Reached skill level 9 in Translocations
 29538 | D:14     | Noticed Kirke
 29625 | D:14     | Noticed a sphinx
 29627 | D:14     | Killed Kirke
 29713 | D:14     | HP: 34/115 [acid (5)]
 29731 | D:14     | Found a deep blue altar of Sif Muna.
 29788 | D:14     | Found a flickering gateway to a bazaar.
 29794 | Bazaar   | Entered a bazaar
 29794 | Bazaar   | Found Qaihi's Armour Emporium.
 29794 | Bazaar   | Found Pobuikiph's Antique Weapon Shoppe.
 29794 | Bazaar   | Found Xaczix's Jewellery Emporium.
 29796 | Bazaar   | Found Ithis's Magic Scroll Shoppe.
 29811 | Bazaar   | Bought a scroll of identify for 22 gold pieces
 29811 | Bazaar   | Bought a scroll of identify for 22 gold pieces
 29811 | Bazaar   | Bought a scroll of identify for 22 gold pieces
 29811 | Bazaar   | Bought a scroll of identify for 22 gold pieces
 29811 | Bazaar   | Bought a scroll of teleportation for 33 gold pieces
 29811 | Bazaar   | Bought a scroll of teleportation for 33 gold pieces
 29818 | Bazaar   | Bought a +1 cloak of poison resistance for 229 gold pieces
 29818 | Bazaar   | Bought a +2 pair of boots for 280 gold pieces
 30067 | D:14     | Reached XP level 16. HP: 66/123 MP: 25/32
 30257 | D:14     | Noticed Frances
 30921 | D:15     | Entered Level 15 of the Dungeon
 31568 | D:15     | Reached skill level 9 in Hexes
 31568 | D:15     | Reached skill level 9 in Charms
 31568 | D:15     | Reached skill level 9 in Necromancy
 31568 | D:15     | Reached skill level 9 in Transmutations
 31568 | D:15     | Reached skill level 9 in Fire Magic
 31568 | D:15     | Reached skill level 9 in Ice Magic
 31568 | D:15     | Reached skill level 9 in Air Magic
 31568 | D:15     | Reached skill level 9 in Earth Magic
 31568 | D:15     | Reached skill level 9 in Poison Magic
 31913 | D:15     | HP: 26/124 [ice dragon/blast of cold (12)]
 31922 | D:15     | HP: 36/124 [skeletal warrior/+0 trident[a death knight]
                  | (11)]
 31924 | D:15     | HP: 13/124 [skeletal warrior/+0 trident[a death knight]
                  | (7)]
 32439 | D:15     | Found a staircase to the Depths.
 32901 | D:14     | Killed Frances
 33167 | D:5      | Bought the brooch of Shielding {Reflect SH+8} for 1381 gold
                  | pieces
 33167 | D:5      | Found the brooch of Shielding {Reflect SH+8}
 33338 | Spider:1 | Entered Level 1 of the Spider Nest
 33591 | Spider:1 | Got a warped golden ring
 33605 | Spider:1 | Identified the ring of the Equinox {rPois rF+} (You found
                  | it on level 1 of the Spider Nest)
 33730 | Spider:1 | Got a warped leather armour
 33949 | Spider:1 | HP: 16/124 [disintegration (44)]
 34393 | Spider:1 | HP: 29/124 [spark wasp (11)]
 34965 | Spider:1 | Identified the +4 leather armour "Neavukiw" {rPois Str+7
                  | Stlth-} (You found it on level 1 of the Spider Nest)
 35343 | Spider:2 | Reached skill level 11 in Fighting
 35343 | Spider:2 | Reached skill level 11 in Short Blades
 35343 | Spider:2 | Reached skill level 11 in Long Blades
 35343 | Spider:2 | Reached skill level 11 in Axes
 35343 | Spider:2 | Reached skill level 11 in Maces & Flails
 35343 | Spider:2 | Reached skill level 11 in Polearms
 35343 | Spider:2 | Reached skill level 11 in Staves
 35343 | Spider:2 | Reached skill level 11 in Slings
 35343 | Spider:2 | Reached skill level 11 in Bows
 35343 | Spider:2 | Reached skill level 11 in Crossbows
 35343 | Spider:2 | Reached skill level 11 in Throwing
 35343 | Spider:2 | Reached skill level 11 in Armour
 35343 | Spider:2 | Reached skill level 11 in Shields
 35343 | Spider:2 | Reached skill level 11 in Unarmed Combat
 35343 | Spider:2 | Reached skill level 11 in Evocations
 35592 | Spider:2 | You fall through a shaft!
 35725 | Spider:2 | Found a runed translucent door.
 35725 | Spider:2 | Noticed Oferehae's ghost (journeyman DgEE)
 35803 | Spider:2 | Reached XP level 17. HP: 129/131 MP: 33/33
 35913 | Spider:2 | Reached skill level 12 in Invocations
 36765 | Spider:3 | HP: 39/131 [wolf spider (1)]
 36770 | Spider:2 | HP: 23/131 [wolf spider (8)]
 36770 | Spider:2 | HP: 10/131 [jumping spider (13)]
 37138 | Spider:3 | Reached skill level 12 in Dodging
 37297 | Spider:3 | Reached skill level 13 in Spellcasting
 38005 | Spider:3 | Reached skill level 12 in Stealth
 38315 | Shoals:1 | Entered Level 1 of the Shoals
 38658 | Shoals:1 | Reached skill level 10 in Conjurations
 38658 | Shoals:1 | Reached skill level 10 in Summonings
 38658 | Shoals:1 | Reached skill level 10 in Translocations
 38664 | Shoals:1 | HP: 38/131 [wind drake/the air (13)]
 38685 | Shoals:1 | HP: 30/131 [merfolk/+0 trident (15)]
 38692 | Shoals:1 | HP: 21/131 [snapping turtle (1)]
 39253 | Shoals:2 | Got an iridescent great sword
 39271 | Shoals:2 | Identified the +2 great sword of War {protect, *Drain rN+
                  | Dex+2} (You found it on level 2 of the Shoals)
 39305 | Shoals:2 | Found Gasunuipn's Antique Armour Boutique.
 39366 | Shoals:2 | Bought a pair of glowing boots for 277 gold pieces
 39376 | Shoals:2 | Bought a pair of embroidered boots for 277 gold pieces
 39386 | Shoals:2 | Identified a +2 pair of boots of running (You bought it in
                  | a shop on level 2 of the Shoals)
 39386 | Shoals:2 | Bought a smoking shield for 351 gold pieces
 39386 | Shoals:2 | Identified the +2 shield of Patience {rPois rF+} (You
                  | bought it in a shop on level 2 of the Shoals)
 39860 | Shoals:2 | Found a runed translucent door.
 40574 | Shoals:2 | Upgraded the game from 0.24-a0-274-gb3763e6 to
                  | 0.24-a0-275-g6f7e2cb
 41065 | Shoals:3 | Reached skill level 10 in Hexes
 41065 | Shoals:3 | Reached skill level 10 in Charms
 41065 | Shoals:3 | Reached skill level 10 in Necromancy
 41065 | Shoals:3 | Reached skill level 10 in Transmutations
 41065 | Shoals:3 | Reached skill level 10 in Fire Magic
 41065 | Shoals:3 | Reached skill level 10 in Ice Magic
 41065 | Shoals:3 | Reached skill level 10 in Air Magic
 41065 | Shoals:3 | Reached skill level 10 in Earth Magic
 41065 | Shoals:3 | Reached skill level 10 in Poison Magic
 41252 | Shoals:3 | Reached XP level 18. HP: 126/139 MP: 18/35
 42604 | Spider:4 | Entered Level 4 of the Spider Nest
 43497 | Spider:4 | Reached skill level 12 in Fighting
 43497 | Spider:4 | Reached skill level 12 in Short Blades
 43497 | Spider:4 | Reached skill level 12 in Long Blades
 43497 | Spider:4 | Reached skill level 12 in Axes
 43497 | Spider:4 | Reached skill level 12 in Maces & Flails
 43497 | Spider:4 | Reached skill level 12 in Polearms
 43497 | Spider:4 | Reached skill level 12 in Staves
 43497 | Spider:4 | Reached skill level 12 in Slings
 43497 | Spider:4 | Reached skill level 12 in Bows
 43497 | Spider:4 | Reached skill level 12 in Crossbows
 43497 | Spider:4 | Reached skill level 12 in Throwing
 43497 | Spider:4 | Reached skill level 12 in Armour
 43497 | Spider:4 | Reached skill level 12 in Shields
 43497 | Spider:4 | Reached skill level 12 in Unarmed Combat
 43497 | Spider:4 | Reached skill level 12 in Evocations
 43802 | Spider:4 | Reached skill level 13 in Invocations
 44940 | Spider:4 | Got a gossamer rune of Zot
 45269 | D:8      | Learned a level 5 spell: Dispel Undead
 45307 | D:8      | Killed PeterLawrence's ghost
 45372 | D:8      | Got a crude helmet
 45378 | D:8      | Identified the +0 helmet "Buoqoeschu" {rN+} (You found it
                  | on level 8 of the Dungeon)
 45632 | Shoals:4 | Entered Level 4 of the Shoals
 45675 | Shoals:4 | Reached skill level 13 in Dodging
 45943 | Shoals:4 | HP: 26/141 [alligator snapping turtle (33)]
 46307 | Shoals:4 | Reached XP level 19. HP: 128/147 MP: 14/36
 46453 | Shoals:4 | Got a barnacled rune of Zot
 46517 | Shoals:4 | Reached skill level 13 in Stealth
 46576 | Shoals:4 | Found Beimahav's Antique Weapon Emporium.
 46699 | Shoals:4 | Found Cuixtuce's Armour Shoppe.
 46767 | Shoals:4 | Reached skill level 14 in Spellcasting
 46882 | Shoals:4 | Found Neimmymeucs's Weapon Shop.
 47357 | Shoals:4 | Found the +2 robe of Vines {NoPotionHeal Regen+7}
 47461 | Shoals:4 | Noticed Polyphemus
 47491 | Shoals:4 | Killed Polyphemus
 47491 | Shoals:4 | Reached skill level 11 in Conjurations
 47491 | Shoals:4 | Reached skill level 11 in Summonings
 47491 | Shoals:4 | Reached skill level 11 in Translocations
 48549 | Vaults:1 | Entered Level 1 of the Vaults
 48879 | Vaults:1 | You fall through a shaft!
 48907 | Vaults:2 | Found Gipp's Weapon Shoppe.
 48959 | Vaults:2 | HP: 28/148 [white very ugly thing (41)]
 48972 | Vaults:2 | HP: 39/148 [storm dragon (6)]
 48981 | Vaults:2 | HP: 21/148 [storm dragon/bolt of lightning (25)]
 48981 | Vaults:2 | Mangled by a storm dragon

Levels and vault maps discovered:
D:1:      nzn_arrival_water_spiral, layout_basic
D:2:      layout_basic, hangedman_ru_absence, lemuel_crystal_altar,
          lemuel_crystal_altar, lemuel_coloured_pillars_altar
D:3:      layout_rooms, lemuel_doored_altar, serial_curves, eino_curves_03,
          eino_curves_03, minivault_14
D:4:      layout_basic, minmay_temple_entry_slanted, first_ration,
          trog_butcher_becter
D:5:      layout_loops_corners, minmay_shop_grid_forest
D:6:      layout_rooms, lemuel_crystal_altar, uniq_edmund, uniq_blork_the_orc
D:7:      layout_rooms, marbit_many_paths, uniq_menkaure
D:8:      layout_basic, minitemple, biasface_ghost_orc_armoury, uniq_psyche,
          uniq_harold
D:9:      layout_long_grid, nicolae_overflow_hidden_temple, enter_bailey_2
D:10:     layout_basic, david_orc_3
D:11:     layout_small_grid, dpeg_lair_monsters, grunt_livestock
D:12:     cheibrodos_monumental, layout_stronghold, gauntlet_entry_generic
D:13:     layout_gridville, lightli_vaults_fourway_checkpoint
D:14:     layout_long_grid, chequers_mini_garden, serial_shops, bzr_entry_road,
          lemuel_blue_sif_altar, uniq_frances, uniq_kirke
D:15:     grunt_enter_depths_hoard, layout_stronghold
Temple:   minmay_temple_forest_path
Lair:1:   layout_chaotic_city
Lair:2:   layout_regular_city, basic_altar, serial_bayou_pond_e
Lair:3:   layout_roguey, nicolae_spider_entry_non_spiders
Lair:4:   layout_loops_ring, elwin_shoals_entry_rocks, serial_bayou,
          serial_bayou_crossing, serial_bayou_pond_a, serial_bayou_pond_e,
          serial_bayou_shore_b, grunt_megastairs_5, lemuel_fruit_tree, uniq_urug
Lair:5:   layout_regular_city, grunt_megastairs_3
Lair:6:   gammafunk_lair_ancient_temple, layout_hall_layers, slime_altar_1,
          nicolae_quartered_pool_little, serial_bayou_pond_e, st_stairs_4,
          minivault_19, infiniplex_staircase_pool_2
Shoals:1: layout_shoals
Shoals:2: layout_shoals, serial_shops, nicolae_shop_statue_plus, lightli_airlock
Shoals:3: layout_shoals, st_sunken_temple
Shoals:4: shoals_end_simple, layout_shoals, serial_shops, shop,
          nicolae_shop_behind_doors, nicolae_shop_statue_plus, uniq_polyphemus
Spider:1: cheibrodos_forgotten_conduit
Spider:2: layout_chambers, gammafunk_ghost_grave, special_room
          [special_room_bee], drop_trap
Spider:3: layout_spider_delve
Spider:4: floodkiller_spider_rune_tomb, nicolae_spider_webbed_stairs
Orc:1:    layout_caves, uniq_maurice
Orc:2:    st_orc_ogre_mass, layout_caves
Vaults:1: hangedman_vaults_trim, nicolae_vaults_yaktaur_gun_rack,
          vaults_mumra_minichess_inversion, nicolae_vaults_inception_corners,
          v_misc_3, v_misc_28, vaults_room_fancy_cross, ontoclasm_vaults_hangar,
          vaults_dpeg_ring, special_room_vaults [special_room_orc],
          ontoclasm_vaults_pinch, nicolae_vaults_little_squares_3,
          layout_vaults_maze_snakey, serial_shops, shop
Vaults:2: grunt_vaults_trifunnel, st_diamondy, nicolae_vaults_border_crossing,
          dpeg_vaults_monster_row, nicolae_vaults_ring_of_whatevers,
          vaults_room_pool, grunt_vaults_hallway_long,
          vaults_standard_mumra_enter_the_diamond, dpeg_vaults_monster_box,
          vaults_room_fours, layout_vaults_big_room, serial_shops, shop,
          uniq_aizul
Bailey:   bailey_axe_2, bailey

Skill      XL: |  1  2  3  4  5  6  7  8  9 10 11 12 13 14 15 16 17 18 19 |
---------------+----------------------------------------------------------+-----
Conjurations   | 2 3 4 5 6 7 8 9 10 11 | 11.1
Summonings     | 2 3 4 5 6 7 8 9 10 11 | 11.1
Translocations | 2 3 4 5 6 7 8 9 10 11 | 11.1
Invocations    | 1 2 3 4 5 6 7 8 9 10 11 12 13 | 13.6
Fighting       | 1 2 3 4 6 7 8 9 10 11 12 | 12.7
Short Blades   | 1 2 3 4 6 7 8 9 10 11 12 | 12.7
Long Blades    | 1 2 3 4 6 7 8 9 10 11 12 | 12.7
Axes           | 1 2 3 4 6 7 8 9 10 11 12 | 12.7
Maces & Flails | 1 2 3 4 6 7 8 9 10 11 12 | 12.7
Polearms       | 1 2 3 4 6 7 8 9 10 11 12 | 12.7
Staves         | 1 2 3 4 6 7 8 9 10 11 12 | 12.7
Slings         | 1 2 3 4 6 7 8 9 10 11 12 | 12.7
Bows           | 1 2 3 4 6 7 8 9 10 11 12 | 12.7
Crossbows      | 1 2 3 4 6 7 8 9 10 11 12 | 12.7
Throwing       | 1 2 3 4 6 7 8 9 10 11 12 | 12.7
Armour         | 1 2 3 4 6 7 8 9 10 11 12 | 12.7
Shields        | 1 2 3 4 6 7 8 9 10 11 12 | 12.7
Unarmed Combat | 1 2 3 4 6 7 8 9 10 11 12 | 12.7
Evocations     | 1 2 3 4 6 7 8 9 10 11 12 | 12.7
Hexes          | 1 2 3 5 6 7 8 9 10 | 10.9
Charms         | 1 2 3 5 6 7 8 9 10 | 10.9
Necromancy     | 1 2 3 5 6 7 8 9 10 | 10.9
Transmutations | 1 2 3 5 6 7 8 9 10 | 10.9
Fire Magic     | 1 2 3 5 6 7 8 9 10 | 10.9
Ice Magic      | 1 2 3 5 6 7 8 9 10 | 10.9
Air Magic      | 1 2 3 5 6 7 8 9 10 | 10.9
Earth Magic    | 1 2 3 5 6 7 8 9 10 | 10.9
Poison Magic   | 1 2 3 5 6 7 8 9 10 | 10.9
Dodging        | 5 6 7 8 9 10 11 12 13 | 13.3
Stealth        | 5 6 7 8 9 10 11 12 13 | 13.2
Spellcasting   | 8 9 10 11 12 13 14 | 14.2

Action                   |  1- 3 |  4- 6 |  7- 9 | 10-12 | 13-15 | 16-18 | 19-21 || total
-------------------------+-------+-------+-------+-------+-------+-------+-------++-------
Melee: Dagger            |    16 |     1 |       |     1 |       |       |       ||    18
       Long sword        |       |    54 |   214 |   355 |   127 |       |       ||   750
       Bite              |       |    11 |    43 |    55 |   149 |   293 |    64 ||   615
       Punch             |       |     1 |     7 |    13 |    48 |       |       ||    69
       Dire flail        |       |       |       |     2 |     5 |       |       ||     7
       Demon trident     |       |       |       |       |  1249 |    34 |       ||  1283
       Demon whip        |       |       |       |       |       |  2544 |   536 ||  3080
Throw: Tomahawk          |       |     4 |    26 |   123 |    61 |   162 |       ||   376
       Stone             |       |     1 |       |       |       |       |       ||     1
       Javelin           |       |       |       |       |       |    37 |    12 ||    49
       Throwing net      |       |       |       |       |       |     1 |       ||     1
 Cast: Magic Dart        |    76 |   122 |   203 |    91 |    47 |    24 |     8 ||   571
       Conjure Flame     |       |     4 |    17 |    56 |    79 |    17 |     1 ||   174
       Call Imp          |       |     3 |     3 |     2 |       |     4 |       ||    12
       Mephitic Cloud    |       |     1 |    14 |    12 |     4 |       |       ||    31
       Slow              |       |       |     6 |     8 |       |     1 |       ||    15
       Vampiric Draining |       |       |       |    14 |    89 |   153 |    23 ||   279
       Confuse           |       |       |       |    10 |   165 |   220 |    48 ||   443
       Blink             |       |       |       |       |    16 |    10 |     1 ||    27
       Apportation       |       |       |       |       |     3 |     4 |       ||     7
       Regeneration      |       |       |       |       |       |    13 |     7 ||    20
       Dispel Undead     |       |       |       |       |       |     3 |       ||     3
       Animate Dead      |       |       |       |       |       |       |     1 ||     1
Invok: Receive Corpses   |       |       |       |       |       |       |     2 ||     2
Evoke: Wand              |       |       |       |       |     6 |     9 |     6 ||    21
  Use: Scroll            |     4 |     5 |     4 |    12 |    12 |    14 |     1 ||    52
       Potion            |       |       |     1 |     1 |     2 |     1 |     2 ||     7
 Stab: Sleeping          |       |     1 |     3 |    13 |    18 |    19 |     2 ||    56
       Confused          |       |     1 |     5 |    25 |   111 |   142 |    28 ||   312
       Distracted        |       |       |       |     1 |     1 |     1 |     1 ||     4
       Paralysed         |       |       |       |       |       |     3 |       ||     3
       Invisible         |       |       |       |       |       |     2 |       ||     2
       Held in net/web   |       |       |       |       |       |     1 |       ||     1
  Eat: Chunk             |     2 |     6 |    15 |    17 |    50 |    44 |     9 ||   143
       Ration            |       |       |       |     1 |       |     3 |       ||     4
Armor: Robe              |     7 |       |       |       |       |       |       ||     7
       Leather armour    |       |    26 |    40 |    36 |       |       |       ||   102
       Steam dragon scal |       |       |       |    29 |   283 |   502 |    40 ||   854
Dodge: Dodged            |    32 |    85 |   187 |   344 |  1167 |  1241 |   124 ||  3180
Block: Buckler           |       |       |       |       |    47 |    39 |       ||    86
       Shield            |       |       |       |       |       |  2183 |   271 ||  2454
       Reflection        |       |       |       |       |       |    70 |    26 ||    96
       Rpst.: Long sword |       |    32 |    52 |    78 |    31 |       |       ||   193

Table legend:
 A = Non-vault XP
 B = Vault XP
 C = Vault XP percentage of total XP
 D = Non-vault monster count
 E = Vault monster count
 F = Vault count percentage of total count
                 A         B        C        D         E       F
            +---------+---------+-------+---------+---------+-------
      Total |  207093 |  147938 |  41.7 |     861 |     363 |  29.7
            +---------+---------+-------+---------+---------+-------
        D:1 |      38 |       0 |   0.0 |      16 |       0 |   0.0
        D:2 |      67 |       0 |   0.0 |      20 |       0 |   0.0
        D:3 |     232 |       0 |   0.0 |      33 |       0 |   0.0
        D:4 |     295 |       7 |   2.3 |      11 |       4 |  26.7
        D:5 |     891 |       0 |   0.0 |      26 |       0 |   0.0
        D:6 |     758 |     260 |  25.5 |      18 |       2 |  10.0
        D:7 |     378 |     172 |  31.3 |      14 |       2 |  12.5
        D:8 |    1377 |    2975 |  68.4 |      39 |      12 |  23.5
        D:9 |     721 |       0 |   0.0 |       5 |       0 |   0.0
       D:10 |    6041 |      79 |   1.3 |      70 |       5 |   6.7
       D:11 |    1657 |    3699 |  69.1 |      15 |      16 |  51.6
       D:12 |    5379 |    8615 |  61.6 |      32 |      15 |  31.9
       D:13 |    2320 |    7441 |  76.2 |       9 |      11 |  55.0
       D:14 |    8658 |    3884 |  31.0 |      34 |       2 |   5.6
       D:15 |   17873 |     985 |   5.2 |      32 |       1 |   3.0
     Lair:1 |    2696 |       0 |   0.0 |      14 |       0 |   0.0
     Lair:2 |    3904 |       0 |   0.0 |      12 |       0 |   0.0
     Lair:3 |    7630 |     514 |   6.3 |      30 |       7 |  18.9
     Lair:4 |    5281 |    2407 |  31.3 |      21 |       7 |  25.0
     Lair:5 |    7674 |    2171 |  22.1 |      28 |       8 |  22.2
     Lair:6 |    7791 |    8391 |  51.9 |      19 |      23 |  54.8
   Shoals:1 |    8236 |       0 |   0.0 |      24 |       0 |   0.0
   Shoals:2 |   16447 |    3866 |  19.0 |      35 |       9 |  20.5
   Shoals:3 |   12485 |    7325 |  37.0 |      28 |       9 |  24.3
   Shoals:4 |   13058 |   28408 |  68.5 |      27 |      44 |  62.0
   Spider:1 |    9743 |    5046 |  34.1 |      27 |       9 |  25.0
   Spider:2 |   17995 |    2265 |  11.2 |      58 |      27 |  31.8
   Spider:3 |   13533 |       0 |   0.0 |      36 |       0 |   0.0
   Spider:4 |   13849 |   36459 |  72.5 |      32 |      70 |  68.6
      Orc:1 |    5407 |    8033 |  59.8 |      48 |      22 |  31.4
      Orc:2 |    4515 |    6792 |  60.1 |      34 |      12 |  26.1
   Vaults:1 |   10164 |       0 |   0.0 |      14 |       0 |   0.0
   Vaults:2 |       0 |    3167 | 100.0 |       0 |       3 | 100.0
     Bailey |       0 |     883 | 100.0 |       0 |      34 | 100.0
   Gauntlet |       0 |    4094 | 100.0 |       0 |       9 | 100.0
            +---------+---------+-------+---------+---------+-------

Table legend:
 A = Turns spent in this place as a percentage of turns spent in the entire game.
 B = Non-inter-level travel turns spent in this place as a percentage of non-inter-level travel turns spent in the entire game.
 C = Inter-level travel turns spent in this place as a percentage of turns spent in this place.
 D = Turns resting spent in this place as a percentage of non-inter-level travel turns spent in this place.
 E = Turns spent auto-exploring this place as a percentage of non-inter-level travel turns spent in this place.
 F = Non-inter-level travel turns spent in this place divided by the number of levels of this place that you've seen.
                   A       B       C       D       E      F
               +-------+-------+-------+-------+-------+----------------------
         Total | 100.0 | 100.0 |   7.7 |  28.7 |  28.4 | 1221.6
       Dungeon |  38.0 |  37.6 |   8.7 |  23.7 |  34.2 | 1133.7
        Temple |   0.7 |   0.6 |  14.6 |   0.0 |  98.6 | 286.0
          Lair |  22.4 |  21.3 |  12.2 |  41.1 |  29.0 | 1603.3
        Shoals |  13.3 |  13.4 |   6.9 |  16.8 |  29.6 | 1513.2
   Spider Nest |  13.9 |  14.6 |   3.4 |  22.0 |  22.2 | 1647.0
  Orcish Mines |   8.0 |   8.4 |   2.2 |  49.7 |  16.9 | 1907.5
        Vaults |   0.9 |   1.0 |   0.2 |   8.4 |   0.0 | 215.5
        Bazaar |   0.5 |   0.6 |   0.0 |  77.6 |   0.0 | 259.0
        Bailey |   0.8 |   0.9 |   0.0 |  12.0 |   2.0 | 407.0
      Gauntlet |   1.5 |   1.6 |   0.0 |  47.8 |   3.0 | 735.0
               +-------+-------+-------+-------+-------+----------------------

Levels and vault maps discovered:
D:1:      nzn_arrival_water_spiral, layout_basic
D:2:      layout_basic, hangedman_ru_absence, lemuel_crystal_altar,
          lemuel_crystal_altar, lemuel_coloured_pillars_altar
D:3:      layout_rooms, lemuel_doored_altar, serial_curves, eino_curves_03,
          eino_curves_03, minivault_14
D:4:      layout_basic, minmay_temple_entry_slanted, first_ration,
          trog_butcher_becter
D:5:      layout_loops_corners, minmay_shop_grid_forest
D:6:      layout_rooms, lemuel_crystal_altar, uniq_edmund, uniq_blork_the_orc
D:7:      layout_rooms, marbit_many_paths, uniq_menkaure
D:8:      layout_basic, minitemple, biasface_ghost_orc_armoury, uniq_psyche,
          uniq_harold
D:9:      layout_long_grid, nicolae_overflow_hidden_temple, enter_bailey_2
D:10:     layout_basic, david_orc_3
D:11:     layout_small_grid, dpeg_lair_monsters, grunt_livestock
D:12:     cheibrodos_monumental, layout_stronghold, gauntlet_entry_generic
D:13:     layout_gridville, lightli_vaults_fourway_checkpoint
D:14:     layout_long_grid, chequers_mini_garden, serial_shops, bzr_entry_road,
          lemuel_blue_sif_altar, uniq_frances, uniq_kirke
D:15:     grunt_enter_depths_hoard, layout_stronghold
Temple:   minmay_temple_forest_path
Lair:1:   layout_chaotic_city
Lair:2:   layout_regular_city, basic_altar, serial_bayou_pond_e
Lair:3:   layout_roguey, nicolae_spider_entry_non_spiders
Lair:4:   layout_loops_ring, elwin_shoals_entry_rocks, serial_bayou,
          serial_bayou_crossing, serial_bayou_pond_a, serial_bayou_pond_e,
          serial_bayou_shore_b, grunt_megastairs_5, lemuel_fruit_tree, uniq_urug
Lair:5:   layout_regular_city, grunt_megastairs_3
Lair:6:   gammafunk_lair_ancient_temple, layout_hall_layers, slime_altar_1,
          nicolae_quartered_pool_little, serial_bayou_pond_e, st_stairs_4,
          minivault_19, infiniplex_staircase_pool_2
Shoals:1: layout_shoals
Shoals:2: layout_shoals, serial_shops, nicolae_shop_statue_plus, lightli_airlock
Shoals:3: layout_shoals, st_sunken_temple
Shoals:4: shoals_end_simple, layout_shoals, serial_shops, shop,
          nicolae_shop_behind_doors, nicolae_shop_statue_plus, uniq_polyphemus
Spider:1: cheibrodos_forgotten_conduit
Spider:2: layout_chambers, gammafunk_ghost_grave, special_room
          [special_room_bee], drop_trap
Spider:3: layout_spider_delve
Spider:4: floodkiller_spider_rune_tomb, nicolae_spider_webbed_stairs
Orc:1:    layout_caves, uniq_maurice
Orc:2:    st_orc_ogre_mass, layout_caves
Vaults:1: hangedman_vaults_trim, nicolae_vaults_yaktaur_gun_rack,
          vaults_mumra_minichess_inversion, nicolae_vaults_inception_corners,
          v_misc_3, v_misc_28, vaults_room_fancy_cross, ontoclasm_vaults_hangar,
          vaults_dpeg_ring, special_room_vaults [special_room_orc],
          ontoclasm_vaults_pinch, nicolae_vaults_little_squares_3,
          layout_vaults_maze_snakey, serial_shops, shop
Vaults:2: grunt_vaults_trifunnel, st_diamondy, nicolae_vaults_border_crossing,
          dpeg_vaults_monster_row, nicolae_vaults_ring_of_whatevers,
          vaults_room_pool, grunt_vaults_hallway_long,
          vaults_standard_mumra_enter_the_diamond, dpeg_vaults_monster_box,
          vaults_room_fours, layout_vaults_big_room, serial_shops, shop,
          uniq_aizul
Bailey:   bailey_axe_2, bailey
